 Dungeon Crawl Stone Soup version 0.31-a0-152-g6aa68a64a1 (webtiles) character file.

Game seed: 12283886710076984707

77 qw the Shooter (level 4, -3/40 HPs)
             Began as a Naga Hunter on June 9, 2023.
             Slain by an orc
             ... wielding a +0 hand axe
              (6 damage)
             ... on level 2 of the Dungeon.
             The game lasted 00:00:37 (1493 turns).

qw the Shooter (Naga Hunter)                        Turns: 1493, Time: 00:00:38

Health: -3/40      AC:  3    Str: 13    XL:     4   Next: 34%
Magic:  4/4        EV:  9    Int:  9    God:
Gold:   118        SH:  0    Dex: 17    Spells: 3/3 levels left

rFire   . . .        Y - +0 shortbow
rCold   . . .        (shield currently unavailable)
rNeg    . . .        c - +0 leather armour
rPois   +            (no helmet)
rElec   .            (no cloak)
rCorr   .            d - +0 pair of gloves
SInv    +            (no barding)
Will    .....        (no amulet)
Stlth   ++           (no ring)
HPRegen 0.26/turn    (no ring)
MPRegen 0.09/turn

%: no passive effects
@: short of breath, very slow
A: AC +1, large, see invisible, deformed body, poison resistance, slowness 2,
spit poison 1, naga tail 1
a: Spit Poison


You were on level 2 of the Dungeon.
You visited 1 branch of the dungeon, and saw 3 of its levels.

You collected 118 gold pieces.


Innate Abilities, Weirdness & Mutations

Your serpentine skin is tough. (AC +1)
You have supernaturally acute eyesight. (SInv)
Armour fits poorly on your strangely shaped body.
Your system is resistant to poisons. (rPois)
You cover ground very slowly.
You can spit poison.
You have a snake-like lower body.


   Skills:
 + Level 2.5 Fighting
 - Level 5.0 Ranged Weapons
 - Level 1.5 Dodging
 - Level 1.5 Stealth


You had 3 spell levels left.
You didn't know any spells.
Your spell library was empty.

Inventory:

Hand Weapons
 Y - a +0 shortbow (weapon)
Armour
 c - a +0 leather armour (worn)
 d - a +0 pair of gloves (worn)
Scrolls
 i - a scroll of identify
Potions
 e - a potion of curing
 g - a potion of might
 h - a potion of haste

Dungeon Overview and Level Annotations

Branches:
Dungeon (3/15)

Altars:

Shops:
D:2 (:


Message History

There is a stone staircase leading up here.
1485 ||| STAIRDANCE The orc hits you with a +2 hand axe of freezing.
The orc freezes you.
The orc priest mumbles some strange prayers to Beogh against you.
Beogh smites you!
You climb upwards.
There is a stone staircase leading down here.
1487 ||| INVOKING Spit Poison.
Aiming: Spit Poison (1% risk of failure)
Press: ? - help, Shift-Dir - straight line, f - orc You fail to use your ability.
The orc barely misses you. The orc hits you with a +0 hand axe.
1488 ||| INVOKING Spit Poison.
Aiming: Spit Poison (1% risk of failure)
Press: ? - help, Shift-Dir - straight line, f/p - orc The splash of poison hits the orc.
The orc is heavily wounded.
The orc hits you but does no damage. The orc hits you with a +0 hand axe.
You shoot an arrow. The arrow hits the orc.
You kill the orc!
The orc hits you with a +0 hand axe.
You shoot an arrow.
The arrow hits the orc but does no damage.
The orc hits you with a +0 hand axe.
You shoot an arrow. The arrow hits the orc.
The orc is lightly wounded.
The orc hits you but does no damage. The orc closely misses you.
You shoot an arrow.
The arrow hits the orc but does no damage.
The orc is lightly wounded.
You have got your breath back.
The orc closely misses you.
1493 ||| INVOKING Spit Poison.
Aiming: Spit Poison (1% risk of failure)
Press: ? - help, Shift-Dir - straight line, f/p - orc The splash of poison hits the orc but does no damage.
The orc is lightly wounded.
The orc hits you with a +0 hand axe.
You die...

#### ...# #########
...######.......########
..(#....#..............#
...#.##.#..###...#####.#
...#..)............#.#.#
...#..#........#o[##.#.#
...+............@)..<#.#
...##..........#.....#.#
.....................!.#
.....................###
#...........#........#
............#.##.##.###
..#######..##.##.##...#
..# #.....##.##.### ..#
#.######.##.#


You could see an orc.

Vanquished Creatures
  3 adders (D:2)
  A worm (D:2)
  3 dart slugs
  3 orcs (D:2)
  5 endoplasms
  A goblin (D:1)
  7 hobgoblins
  2 quokkas
  3 ball pythons
  5 bats
  A frilled lizard (D:1)
  2 kobolds (D:2)
  2 rats (D:2)
38 creatures vanquished.

Notes
Turn   | Place    | Note
-------+----------+-------------------------------------------
     0 | D:1      | qw the Naga Hunter began the quest for the Orb.
     0 | D:1      | Reached XP level 1. HP: 19/19 MP: 1/1
     0 | D:1      | 0 ||| qw: Version: 0.2-a-122-gbc61b45
     0 | D:1      | 0 ||| qw: Game counter: 3266
     0 | D:1      | 0 ||| qw: Always use a shield: true
     0 | D:1      | 0 ||| qw: God list: Okawaru
     0 | D:1      | 0 ||| qw: Allow faded altars: false
     0 | D:1      | 0 ||| qw: Do Orc after D:15 true
     0 | D:1      | 0 ||| qw: Do second Lair branch before Depths: true
     0 | D:1      | 0 ||| qw: Lair rune preference: random
     0 | D:1      | 0 ||| qw: Plans: Normal
     0 | D:1      | 0 ||| PLANNING D:1-11
    30 | D:1      | 30 ||| INVOKING Spit Poison.
    36 | D:1      | 36 ||| INVOKING Spit Poison.
    38 | D:1      | HP: 2/19 [hobgoblin (3)]
   244 | D:1      | 244 ||| INVOKING Spit Poison.
   245 | D:1      | 245 ||| INVOKING Spit Poison.
   299 | D:1      | 299 ||| INVOKING Spit Poison.
   306 | D:1      | Reached skill level 4 in Ranged Weapons
   306 | D:1      | Reached XP level 2. HP: 24/26 MP: 2/2
   330 | D:1      | 330 ||| FLEEEEING.
   331 | D:1      | 331 ||| FLEEEEING.
   332 | D:1      | 332 ||| FLEEEEING.
   333 | D:1      | 333 ||| FLEEEEING.
   334 | D:1      | 334 ||| FLEEEEING.
   348 | D:1      | 348 ||| INVOKING Spit Poison.
   354 | D:1      | 354 ||| INVOKING Spit Poison.
   376 | D:1      | 376 ||| INVOKING Spit Poison.
   398 | D:1      | 398 ||| INVOKING Spit Poison.
   430 | D:1      | 430 ||| INVOKING Spit Poison.
   471 | D:1      | 471 ||| INVOKING Spit Poison.
   669 | D:1      | 669 ||| READING scroll labelled WYMOUM KATUOSUO.
   670 | D:1      | 670 ||| READING scroll labelled ILINGA OZYUPH.
   671 | D:1      | 671 ||| READING 3 scrolls labelled CUSHRE KUREKK.
   672 | D:1      | 672 ||| READING 2 scrolls of identify.
   672 | D:1      | 672 ||| IDENTIFYING grey potion
   673 | D:1      | 673 ||| DROPPING scroll of butterflies.
   686 | D:2      | 686 ||| INVOKING Spit Poison.
   711 | D:2      | 711 ||| INVOKING Spit Poison.
   739 | D:2      | 739 ||| FLEEEEING.
   740 | D:2      | 740 ||| FLEEEEING.
   741 | D:2      | 741 ||| FLEEEEING.
   743 | D:2      | 743 ||| FLEEEEING.
   749 | D:2      | 749 ||| INVOKING Spit Poison.
   751 | D:2      | Reached XP level 3. HP: 26/32 MP: 3/3
   843 | D:2      | 843 ||| INVOKING Spit Poison.
   848 | D:2      | 848 ||| INVOKING Spit Poison.
   854 | D:2      | 854 ||| INVOKING Spit Poison.
   893 | D:2      | 893 ||| INVOKING Spit Poison.
   898 | D:2      | 898 ||| INVOKING Spit Poison.
   938 | D:2      | 938 ||| INVOKING Spit Poison.
   982 | D:2      | 982 ||| INVOKING Spit Poison.
   985 | D:2      | 985 ||| INVOKING Spit Poison.
  1016 | D:2      | Found Casielas's Antique Weapon Shop.
  1123 | D:2      | 1123 ||| INVOKING Spit Poison.
  1124 | D:2      | Reached skill level 5 in Ranged Weapons
  1134 | D:2      | 1134 ||| INVOKING Spit Poison.
  1140 | D:2      | Reached XP level 4. HP: 37/39 MP: 4/4
  1205 | D:2      | Found Zoham's Book Shop.
  1223 | D:2      | 1223 ||| INVOKING Spit Poison.
  1227 | D:2      | 1227 ||| INVOKING Spit Poison.
  1252 | D:2      | 1252 ||| INVOKING Spit Poison.
  1292 | D:2      | 1292 ||| INVOKING Spit Poison.
  1377 | D:2      | 1377 ||| UPGRADING to +0 pair of gloves.
  1382 | D:2      | 1382 ||| READING 3 scrolls labelled VIUHIN GUEMYAG.
  1383 | D:2      | 1383 ||| DRINKING 2 brown potions.
  1384 | D:2      | 1384 ||| DRINKING 2 fuming grey potions.
  1385 | D:2      | 1385 ||| READING 2 scrolls of identify.
  1385 | D:2      | 1385 ||| IDENTIFYING ruby potion
  1386 | D:2      | 1386 ||| DROPPING 2 scrolls of immolation.
  1387 | D:2      | 1387 ||| DROPPING potion of attraction.
  1395 | D:3      | 1395 ||| INVOKING Spit Poison.
  1396 | D:3      | 1396 ||| STAIRDANCE
  1400 | D:2      | 1400 ||| INVOKING Spit Poison.
  1485 | D:3      | 1485 ||| STAIRDANCE
  1487 | D:2      | 1487 ||| INVOKING Spit Poison.
  1488 | D:2      | 1488 ||| INVOKING Spit Poison.
  1489 | D:2      | HP: 5/40 [orc/+0 hand axe (6)]
  1490 | D:2      | HP: 2/40 [orc/+0 hand axe (3)]
  1493 | D:2      | 1493 ||| INVOKING Spit Poison.
  1493 | D:2      | Slain by an orc

Levels and vault maps discovered:
D:1:      minmay_arrival_four_houses, layout_basic
D:2:      layout_basic, serial_shops,
          nicolae_shop_temple_entry_statues_fountains, nicolae_diamond_shop
D:3:      layout_loops_ring

Skill      XL: |  1  2  3 |
---------------+----------+-----
Ranged Weapons | 4 5 |  5.0
Fighting       | |  2.5
Dodging        | |  1.5
Stealth        | |  1.5

Action                     |  1- 3 |  4- 6 || total
---------------------------+-------+-------++-------
   Fire: Shortbow          |    71 |    13 ||    84
Ability: Spit Poison       |    23 |     8 ||    31
    Use: Scroll            |     4 |     2 ||     6
         Potion            |       |     2 ||     2
 Armour: Leather armour    |     7 |     3 ||    10
  Dodge: Dodged            |    15 |     6 ||    21

Table legend:
 A = Non-vault XP
 B = Vault XP
 C = Vault XP percentage of total XP
 D = Non-vault monster count
 E = Vault monster count
 F = Vault count percentage of total count
                 A         B        C        D         E       F
            +---------+---------+-------+---------+---------+-------
      Total |     111 |       0 |   0.0 |      38 |       0 |   0.0
            +---------+---------+-------+---------+---------+-------
        D:1 |      26 |       0 |   0.0 |      14 |       0 |   0.0
        D:2 |      85 |       0 |   0.0 |      24 |       0 |   0.0
            +---------+---------+-------+---------+---------+-------
